 Dungeon Crawl Stone Soup version 0.21.1-1-g345015f (console) character file.

796 fly the Purveyor of Pain (level 7, -4/79 HPs)
             Began as a Demonspawn Necromancer on May 23, 2018.
             Was an Initiate of Kikubaaqudgha.
             Killed from afar by an orc wizard (9 damage)
             ... with a puff of flame
             ... on level 4 of the Dungeon.
             The game lasted 00:08:46 (4654 turns).

fly the Purveyor of Pain (Demonspawn Necromancer)   Turns: 4654, Time: 00:08:47

Health: -4/79      AC:  2    Str: 15    XL:     7   Next: 58%
Magic:  1/13       EV: 19    Int: 17    God:    Kikubaaqudgha [......]
Gold:   197        SH:  0    Dex: 18    Spells: 2/14 levels left

rFire    . . .     SeeInvis .   a - +0 long sword
rCold    . . .     Gourm    .   (no shield)
rNeg     . . .     Faith    .   y - +0 robe
rPois    +         Spirit   .   (no helmet)
rElec    .         Reflect  .   (no cloak)
rCorr    .         Harm     .   (no gloves)
MR       .....                  (no boots)
Stlth    ..........             q - amulet of regeneration
HPRegen  0.63/turn              r - ring of poison resistance
MPRegen  0.13/turn              (no ring)

@: agile, berserking, very slightly contaminated, very quick
A: nightstalker 1, powered by pain 2
a: Renounce Religion


You were on level 4 of the Dungeon.
You worshipped Kikubaaqudgha.
Kikubaaqudgha was noncommittal.
You were very hungry.

You visited 2 branches of the dungeon, and saw 6 of its levels.

You collected 197 gold pieces.

Inventory:

Hand Weapons
 a - a +0 long sword (weapon)
 u - a +2 whip of draining
 v - a +1 dagger of electrocution
Armour
 y - a +0 robe (worn)
Jewellery
 q - an amulet of regeneration (around neck)
 r - a ring of poison resistance (left hand)
 s - an uncursed ring of ice
Scrolls
 d - 2 scrolls of immolation {unknown}
 e - 3 scrolls of remove curse {unknown}
 f - 4 scrolls of enchant armour {unknown}
 j - a scroll of amnesia {unknown}
 k - 2 scrolls of random uselessness {unknown}
 l - a scroll of teleportation {unknown}
 t - a scroll of magic mapping {unknown}
Potions
 g - a potion of lignification {unknown}
 h - a potion of cancellation {unknown}
 i - a potion of berserk rage
 n - 2 potions of curing {unknown}
 o - a potion of brilliance {unknown}
 p - 2 potions of flight {unknown}
Books
 b - a book of Necromancy

   Spells                             Type                      Level
   a - Pain                           Necromancy                   1
   b - Animate Skeleton               Necromancy                   1
   c - Vampiric Draining              Necromancy                   3
   d - Regeneration                   Charms/Necromancy            3
   e - Animate Dead                   Necromancy                   4
   f - Borgnjor's Vile Clutch         Necromancy/Earth             5
 m - a book of Callings

   Spells                             Type                      Level
   a - Summon Small Mammal            Summoning                    1
   b - Call Imp                       Summoning                    2
   c - Call Canine Familiar           Summoning                    3
   d - Summon Guardian Golem          Hexes/Summoning              3
   e - Summon Lightning Spire         Summoning/Air                4
   f - Summon Ice Beast               Ice/Summoning                4
Comestibles
 c - 7 rations
 w - 2 chunks of flesh


   Skills:
 + Level 3.8 Fighting
 + Level 3.4 Long Blades
 - Level 3.0 Dodging
 - Level 1.7 Stealth
 - Level 4.0 Spellcasting
 - Level 6.2 Necromancy


You had 2 spell levels left.
You knew the following spells:

 Your Spells              Type           Power        Failure   Level  Hunger
b - Borgnjor's Vile Clut  Necr/Erth      ##........   77%         5    ######.
r - Regeneration          Chrm/Necr      ##........   13%         3    ###....
v - Vampiric Draining     Necr           ###.......   3%          3    ###....
z - Pain                  Necr           ###.         1%          1    None


Dungeon Overview and Level Annotations

Branches:
Dungeon (5/15)             Temple (1/1) D:4

Altars:
Ashenzari
Dithmenos
Fedhas
Gozag
Kikubaaqudgha
Nemelex Xobeh
Qazlal
Ru
Trog
Vehumet
Wu Jian
Xom
The Shining One

Annotations:
D:3 olivier's ghost, amateur DsGl


Innate Abilities, Weirdness & Mutations

You are slightly more attuned to the shadows.
You sometimes gain power by taking damage.


Message History

The puff of flame hits you!
* * * LOW HITPOINT WARNING * * *
You closely miss something. You slash something!
An orc wizard appears from thin air!
Reactivating autopickup.
The orc wizard gestures wildly while chanting.
The orc wizard flickers and vanishes!
Deactivating autopickup; reactivate with Ctrl-A.
You closely miss something. Something barely misses you.
You miss something. Something hits you.
* * * LOW HITPOINT WARNING * * *
You miss something. Something closely misses you.
You closely miss something. Something hits you.
* * * LOW HITPOINT WARNING * * *
You barely miss something.
You hear some strange, mumbled words.
A puff of flame appears from out of thin air!
The puff of flame hits you!
You die...
Kikubaaqudgha rasps: "You have failed me!
Welcome... death!"

.###.#
######..#####.##.######..#
#.#..# #.[# ##............#
##.#.# #..####.........##.##
.....# ##...#.....#.###.##.##
###..# ##..........#.###......
#..######..............##..#.##
#.....##...................#.##
#.###.##..................)....
#.# #.##......@{....#.#.#.##...
#.# #.###...............#.#####
#.# #.# ##..<.............#####
#.# #.# ##....#....(..........
#.# #.######........#.#####....
#.# #..........######.# #....
#.###..#####..## #.# #....
#......# #..# #.# ###....
#####.######..#######.###......


There were no monsters in sight!

Vanquished Creatures
  A phantom (D:4)
  An ogre (D:5)
  A bullfrog (D:5)
  A scorpion (D:3)
  A hound (D:2)
  4 orc priests (D:3)
  A centaur skeleton (D:4)
  2 iguanas (D:4)
  An orc wizard (D:3)
  3 worker ants
  3 gnolls
  3 adders
  4 worms
  2 dart slugs
  5 leopard geckos
  15 orcs
  3 ball pythons
  2 giant cockroaches
  6 goblins
  8 hobgoblins
  12 jackals
  5 kobolds
  7 bats
  9 frilled lizards
  5 rats
105 creatures vanquished.

Notes
Turn   | Place    | Note
-------+----------+-------------------------------------------
     0 | D:1      | fly the Demonspawn Necromancer began the quest for the Orb.
     0 | D:1      | Reached XP level 1. HP: 13/13 MP: 3/3
   407 | D:1      | Gained mutation: You are slightly more attuned to the shadows. [demonic ancestry]
   407 | D:1      | Reached XP level 2. HP: 17/19 MP: 2/5
  1049 | D:1      | Reached XP level 3. HP: 18/24 MP: 2/7
  1140 | D:1      | Learned a level 3 spell: Vampiric Draining
  1790 | D:2      | Found a stormy altar of Qazlal.
  1820 | D:2      | Reached XP level 4. HP: 27/30 MP: 5/10
  2005 | D:2      | Learned a level 3 spell: Regeneration
  2587 | D:3      | Reached skill level 5 in Necromancy
  2736 | D:3      | Gained mutation: You sometimes gain a little power by taking damage. [demonic ancestry]
  2736 | D:3      | Reached XP level 5. HP: 32/35 MP: 7/11
  2758 | D:3      | Reached skill level 6 in Necromancy
  2985 | D:3      | Noticed olivier's ghost (amateur DsGl)
  3186 | D:3      | Found an ancient bone altar of Kikubaaqudgha.
  3200 | D:3      | Gained mutation: You sometimes gain power by taking damage. [demonic ancestry]
  3200 | D:3      | Reached XP level 6. HP: 30/41 MP: 6/12
  3217 | D:3      | Became a worshipper of Kikubaaqudgha
  3363 | D:3      | Reached skill level 1 in Fighting
  3363 | D:3      | Reached skill level 1 in Long Blades
  3616 | D:4      | Learned a level 5 spell: Borgnjor's Vile Clutch
  3673 | D:4      | Found a radiant altar of Vehumet.
  3785 | D:4      | Found a shadowy altar of Dithmenos.
  3830 | D:4      | Reached XP level 7. HP: 51/51 MP: 8/13
  3911 | D:4      | Found a staircase to the Ecumenical Temple.
  4379 | Temple   | Entered the Ecumenical Temple
  4529 | D:5      | Entered Level 5 of the Dungeon
  4654 | D:4      | Killed from afar by an orc wizard

Skill      XL: |  1  2  3  4  5  6  7 |
---------------+----------------------+-----
Spellcasting   | 3 4 |  4.0
Necromancy     | 5 6 |  6.2
Dodging        | 2 3 |  3.0
Fighting       | 2 3 |  3.8
Long Blades    | 2 3 |  3.4
Stealth        | |  1.7

Action                   |  1- 3 |  4- 6 |  7- 9 || total
-------------------------+-------+-------+-------++-------
Melee: Unarmed           |    32 |       |       ||    32
       Long sword        |       |    76 |    52 ||   128
 Cast: Pain              |    78 |    77 |     6 ||   161
       Vampiric Draining |     1 |    10 |     8 ||    19
       Regeneration      |       |     2 |     1 ||     3
  Use: Potion            |       |       |     1 ||     1
 Stab: Distracted        |     1 |       |       ||     1
       Sleeping          |       |     4 |     1 ||     5
  Eat: Chunk             |     3 |     7 |     3 ||    13
Armor: Robe              |     9 |     9 |     4 ||    22
Dodge: Dodged            |    30 |    68 |    50 ||   148
       Rpst.: Long sword |       |    25 |    19 ||    44
